 Dungeon Crawl Stone Soup version 0.20-a0-738-gb057e68 (webtiles) character file.

18433 Buffagor the Grappler (level 12, -3/121 (122) HPs)
             Began as a Troll Monk on Feb 23, 2017.
             Was an Elder of Wu Jian.
             Slain by an ettin
             ... wielding a +2 dire flail of holy wrath
              (31 damage)
             ... on level 2 of the Orcish Mines.
             The game lasted 00:25:07 (10741 turns).

Buffagor the Grappler (Troll Monk)                 Turns: 10741, Time: 00:25:09

HP:   -3/121 (122)  AC: 10    Str: 22    XL:     12   Next: 27%
MP:   11/11         EV: 14    Int:  6    God:    Wu Jian [****..]
Gold: 1040          SH: 18    Dex: 16    Spells: 11/11 levels left

rFire    . . .     SeeInvis .     - Unarmed
rCold    . . .     Gourm    +   P - +0 troll leather armour
rNeg     . . .     Faith    .   L - +0 shield
rPois    +         Spirit   .   (helmet restricted)
rElec    .         Reflect  +   K - +1 cloak {MR+}
rCorr    .         Harm     .   (gloves unavailable)
MR       ++...                  (boots unavailable)
Stlth    ++........             n - +4 amulet of reflection
Regen    1.1/turn               y - ring of protection from magic
MPRegen  0.2/turn               I - ring of poison resistance

@: no status effects
A: unfitting armour, antennae 1, claws 3, large bone plates 1, fast metabolism
3, gourmand, regeneration 1, screaming 1, shaggy fur 2, tough skin 2
a: Serpent's Lash, Renounce Religion


You were on level 2 of the Orcish Mines.
You worshipped Wu Jian.
Wu Jian was greatly pleased with you.
You were completely stuffed.

You visited 3 branches of the dungeon, and saw 14 of its levels.
You also visited: Sewer.

You collected 1040 gold pieces.

Inventory:

Armour
 a - a +0 robe
 A - a +0 large shield
 K - a +1 cloak of magic resistance (worn)
 L - a +0 shield (worn)
 P - a +0 troll leather armour (worn)
Jewellery
 f - an uncursed ring of fire
 n - a +4 amulet of reflection (around neck)
 y - a ring of protection from magic (right claw)
 H - an uncursed ring of protection from cold
 I - a ring of poison resistance (left claw)
 N - an uncursed ring of fire
Wands
 e - a wand of acid (11/15)
 v - a wand of scattershot (8/9)
 D - a wand of enslavement (6/24)
 O - a wand of paralysis (13/24)
Scrolls
 c - 3 scrolls of remove curse
 g - 11 scrolls of teleportation
 m - 3 scrolls of immolation
 p - 2 scrolls of magic mapping
 s - a scroll of summoning {unknown}
 t - a scroll of enchant weapon
 u - a scroll of blinking
 B - a scroll of amnesia
Potions
 d - 3 potions of heal wounds {unknown}
 h - 7 potions of curing {unknown}
 i - 2 potions of degeneration {unknown}
 o - a potion of invisibility
 q - 3 potions of resistance {unknown}
 r - 2 potions of brilliance
 x - 4 potions of haste {unknown}
 z - a potion of might
 F - a potion of berserk rage
 G - 3 potions of flight {unknown}
 J - a potion of lignification
 M - a potion of ambrosia
 R - a potion of agility
Books
 j - a book of Enchantments

   Spells                             Type                      Level
   a - Cause Fear                     Hexes                        4
   b - Yara's Violent Unravelling     Hexes/Transmutation          5
   c - Silence                        Hexes/Air                    5
   d - Deflect Missiles               Charms/Air                   6
   e - Discord                        Hexes                        8
 w - a Young Poisoner's Handbook

   Spells                             Type                      Level
   a - Sting                          Conjuration/Poison           1
   b - Poisonous Vapours              Poison/Air                   2
   c - Mephitic Cloud                 Conjuration/Poison/Air       3
   d - Olgreb's Toxic Radiance        Poison                       4
   e - Venom Bolt                     Conjuration/Poison           5
 E - a book of Callings

   Spells                             Type                      Level
   a - Summon Small Mammal            Summoning                    1
   b - Call Imp                       Summoning                    2
   c - Call Canine Familiar           Summoning                    3
   d - Summon Guardian Golem          Hexes/Summoning              3
   e - Summon Lightning Spire         Summoning/Air                4
   f - Summon Ice Beast               Ice/Summoning                4
Comestibles
 b - 12 bread rations
 k - 6 royal jellies
 l - 7 meat rations
 C - 6 fruits
 Q - 24 chunks of flesh


   Skills:
 + Level 8.3 Fighting
 + Level 3.8 Armour
 + Level 8.4 Dodging
 - Level 1.0 Stealth
 + Level 5.0 Shields
 * Level 13.3 Unarmed Combat


You had 11 spell levels left.
You didn't know any spells.

Dungeon Overview and Level Annotations

Branches:
Dungeon (11/15)            Temple (1/1) D:5            Lair (0/6) D:8
    Orc (2/2) D:10
    Elf: Orc:2

Altars:
Ashenzari
Cheibriados
Dithmenos
Elyvilon
Fedhas
Gozag
Hepliaklqana
Kikubaaqudgha
Makhleb
Nemelex Xobeh
Okawaru
Qazlal
Ru
Sif Muna
Trog
Uskayaw
Vehumet
Wu Jian
Xom
Yredelemnul
Zin
The Shining One

Shops:
D:10 [


Innate Abilities, Weirdness & Mutations

You are too large for most types of armour.
You have claws for hands.
Your metabolism is lightning-fast.
You like to eat raw meat.
Your natural rate of healing is unusually fast.
You are covered in thick fur. (AC +2)
You have very tough skin. (AC +2)
You have a pair of small antennae on your head.
You are partially covered in large bone plates. (SH +4)
You occasionally shout uncontrollably at your foes.


Message History

You block the ettin's attack. The ettin hits you with a dire flail!!!
An orc comes into view. It is wielding a club.
The orc shouts!
You hear a shout! x5; You hear a howl!
You spin and attack the ettin.
You scratch the ettin but do no damage.
The ettin is moderately wounded.
The ettin hits you with a dire flail of holy wrath!
You block the ettin's attack.
You spin and attack the ettin.
You claw the ettin!
The ettin is heavily wounded.
The ettin hits you with a dire flail of holy wrath!!!
* * * LOW HITPOINT WARNING * * *
The ettin misses you.
The orc warrior hits you with a war axe of electrocution!
* * * LOW HITPOINT WARNING * * *
You hear a howl!
An orc comes into view. It is wielding a mace.
You spin and attack the ettin.
You scratch the ettin.
The ettin is heavily wounded.
The ettin hits you with a dire flail of holy wrath!!
You die...

#.......## ###### ##.
##.......###.##.. ##..
##................
#.#.##.................
#..$....#..............
#.#..#.#...............
#.....#...............
###.......##...........
#....C@...######.......
#..........# #.......
.8..oo.o......#
##....#.
.o...o....#....#
#....###
...........##.## ##..#.
...........# ## #####
.8..#.###.## ####.. ###
#..


You could see an ettin, an orc warrior and 3 orcs.

Vanquished Creatures
  An ogre mage (D:10)
  5 two-headed ogres
  The ghost of djmy96 the Thaumaturge, a journeyman DEFE of Sif Muna (D:10)
  An orc knight (Orc:1)
  An orc sorcerer (Orc:1)
  2 ugly things (D:11)
  2 kobold demonologists (D:11)
  11 trolls
  2 hippogriffs
  A wyvern (D:11)
  A steam dragon (D:9)
  2 wargs (Orc:1)
  An acid dragon (D:11)
  2 porcupines (D:8)
  An ice beast (D:7)
  18 orc warriors
  3 phantoms
  A sky beast (D:5)
  An eye of draining (D:10)
  11 ogres
  2 black bears
  A necrophage (D:7)
  6 centaurs
  A crocodile (D:11)
  6 big kobolds
  4 gnoll sergeants (D:10)
  4 bullfrogs
  9 killer bees
  2 crimson imps
  5 howler monkeys
  3 bullfrog zombies
  3 centaur zombies
  8 hounds
  3 jellies
  14 orc priests
  Crazy Yiuf (D:7)
  A bullfrog skeleton (D:4)
  2 centaur skeletons (D:4)
  4 iguanas
  21 orc wizards
  8 worker ants
  2 hound zombies
  A hound skeleton (D:4)
  A mummy (D:5)
  5 worker ant zombies
  7 gnolls
  20 adders
  3 shadow imps
  An ooze (D:2)
  An adder skeleton (D:4)
  An adder zombie (D:4)
  2 dart slugs
  5 leopard geckos
  68 orcs
  A bat zombie (D:6)
  4 giant cockroaches
  7 goblins
  6 hobgoblins
  15 jackals
  18 kobolds
  2 quokkas (D:10)
  3 ball pythons
  A ball python skeleton (D:4)
  6 bats
  12 frilled lizards
  A jackal zombie (D:4)
  A leopard gecko zombie (D:8)
  2 quokka zombies (D:4)
  6 rats
  3 rat zombies (D:6)
  A fungus (D:8)
  A plant (Sewer)
383 creatures vanquished.

Vanquished Creatures (others)
  2 kobolds (D:11)
2 creatures vanquished.

Grand Total: 385 creatures vanquished

Notes
Turn   | Place    | Note
-------+----------+-------------------------------------------
     0 | D:1      | Buffagor the Troll Monk began the quest for the Orb.
     0 | D:1      | Reached XP level 1. HP: 22/22 MP: 0/0
   175 | D:1      | Reached XP level 2. HP: 29/29 MP: 1/1
   402 | D:1      | Reached XP level 3. HP: 36/36 MP: 2/2
   926 | D:2      | Reached skill level 4 in Unarmed Combat
   945 | D:2      | Reached XP level 4. HP: 20/44 MP: 3/3
  1330 | D:3      | Found a faded altar of an unknown god.
  1330 | D:3      | Noticed a dagger
  1330 | D:3      | Noticed a dagger
  1334 | D:3      | Found a hide-covered altar of Uskayaw.
  1686 | D:4      | Reached XP level 5. HP: 48/53 MP: 4/4
  1742 | D:4      | Reached skill level 5 in Unarmed Combat
  1754 | D:4      | Found a glowing drain.
  1789 | Sewer    | Entered a sewer
  1964 | Sewer    | Reached XP level 6. HP: 60/61 MP: 5/5
  2818 | D:4      | Reached skill level 6 in Unarmed Combat
  3051 | D:4      | Reached XP level 7. HP: 64/68 MP: 6/6
  3324 | D:5      | Entered Level 5 of the Dungeon
  3325 | D:5      | Found a snail-covered altar of Cheibriados.
  3384 | D:5      | Found a shattered altar of Ashenzari.
  3388 | D:5      | Found a staircase to the Ecumenical Temple.
  3410 | Temple   | Entered the Ecumenical Temple
  3469 | Temple   | Became a worshipper of the Wu Jian Council
  3469 | Temple   | Reached * piety under Wu Jian
  3469 | Temple   | Reached ** piety under Wu Jian
  3760 | D:5      | Found a sacrificial altar of Ru.
  3818 | D:5      | Reached skill level 7 in Unarmed Combat
  4160 | D:5      | Reached XP level 8. HP: 69/79 MP: 7/7
  4551 | D:6      | Found an ancient bone altar of Kikubaaqudgha.
  4688 | D:6      | Reached skill level 8 in Unarmed Combat
  4859 | D:6      | Found a glowing silver altar of Zin.
  4927 | D:7      | Reached skill level 5 in Dodging
  4988 | D:7      | Reached *** piety under Wu Jian
  5160 | D:7      | Found a runed door.
  5175 | D:7      | Found a burning altar of Makhleb.
  5205 | D:7      | Reached skill level 5 in Fighting
  5313 | D:7      | Reached skill level 9 in Unarmed Combat
  5595 | D:7      | Reached XP level 9. HP: 52/87 MP: 8/8
  6233 | D:7      | Noticed Crazy Yiuf
  6238 | D:7      | Killed Crazy Yiuf
  6249 | D:7      | Got a warped mace
  6250 | D:7      | Identified the +4 mace "Lorighonn" {freeze, rElec Str-3 Stlth+} (You found it on level 7 of the Dungeon)
  6381 | D:8      | Noticed a two-headed ogre
  6388 | D:8      | Killed a two-headed ogre
  6395 | D:8      | Found a hazy altar of Hepliaklqana.
  6595 | D:8      | Reached skill level 10 in Unarmed Combat
  6726 | D:8      | Found a staircase to the Lair.
  6741 | D:8      | Gained mutation: You are covered in thick fur. (AC +2) [potion of mutation]
  6741 | D:8      | Gained mutation: You have a pair of small antennae on your head. [potion of mutation]
  6741 | D:8      | Gained mutation: You occasionally shout uncontrollably at your foes. [potion of mutation]
  6741 | D:8      | Gained mutation: You are partially covered in large bone plates. (SH +4) [potion of mutation]
  7057 | D:9      | Found a basalt altar of Yredelemnul.
  7106 | D:9      | Found a sparkling altar of Nemelex Xobeh.
  7106 | D:9      | Found a shimmering altar of Xom.
  7209 | D:9      | Found a shadowy altar of Dithmenos.
  7255 | D:9      | Noticed a troll
  7263 | D:9      | Killed a troll
  7263 | D:9      | Reached XP level 10. HP: 78/99 MP: 9/9
  7390 | D:9      | Reached skill level 1 in Shields
  7391 | D:9      | Reached **** piety under Wu Jian
  7542 | D:9      | Found a blossoming altar of Fedhas.
  7601 | D:9      | Noticed a two-headed ogre
  7605 | D:9      | Killed a two-headed ogre
  7605 | D:9      | Reached skill level 11 in Unarmed Combat
  7788 | D:10     | Entered Level 10 of the Dungeon
  7789 | D:10     | Noticed djmy96's ghost (journeyman DEFE)
  7808 | D:10     | Killed djmy96's ghost
  7955 | D:10     | Found a burning altar of Makhleb.
  7963 | D:10     | Found Doepoej's Armour Emporium.
  8616 | D:10     | Reached XP level 11. HP: 87/108 MP: 10/10
  8707 | D:10     | Found a staircase to the Orcish Mines.
  8723 | D:10     | Reached skill level 1 in Armour
  8761 | D:10     | Reached skill level 12 in Unarmed Combat
  8787 | D:10     | Reached ***** piety under Wu Jian
  9142 | D:11     | Noticed a green ugly thing
  9156 | D:11     | HP: 2/108 [smoke demon/divine providence[a kobold demonologist] (14)]
  9335 | D:11     | Noticed a white ugly thing
  9353 | D:11     | Killed a white ugly thing
  9936 | D:11     | Killed a green ugly thing
 10059 | Orc:1    | Entered Level 1 of the Orcish Mines
 10059 | Orc:1    | Noticed a two-headed ogre
 10064 | Orc:1    | Noticed an ogre mage
 10069 | Orc:1    | Noticed a two-headed ogre
 10074 | D:10     | Killed an ogre mage
 10091 | Orc:1    | Noticed a two-headed ogre
 10092 | Orc:1    | Noticed an orc knight
 10098 | D:10     | Killed a two-headed ogre
 10107 | D:10     | Killed a two-headed ogre
 10198 | D:10     | Killed a two-headed ogre
 10198 | D:10     | Reached skill level 13 in Unarmed Combat
 10239 | Orc:1    | Reached XP level 12. HP: 118/118 MP: 11/11
 10614 | Orc:2    | Entered Level 2 of the Orcish Mines
 10646 | Orc:2    | Reached skill level 5 in Shields
 10734 | Orc:2    | Noticed an ettin
 10741 | Orc:2    | Slain by an ettin

Vault maps used:
D:1:      mushboom_english_gardens, minmay_misc_feat_four_crosses
D:3:      dancing_weapons_uskayaw, chequers_ecumenical_altar_simple_redux,
          first_bread
D:4:      gup_sewer_entry_glass, serial_undead, serial_undead_d,
          serial_undead_f, serial_undead_b, serial_undead_a
D:5:      ashenzari_altar_1, nicolae_ru_great_annihilating_truth, slow_altar_1,
          minmay_temple_entry_large_hall, hangedman_decor_lopped
D:6:      kennysheep_mini, lemuel_zombie_altar_kikubaaqudgha
D:7:      nicolae_overflow_crystal_walls, uniq_crazy_yiuf_cottage
D:8:      overflow_temple_1_default, grunt_lair_entry_orc_guard_hut
D:9:      fedhas_altar_2, marbit_many_paths, gammafunk_temple_overflow_elements,
          basic_altar
D:10:     kennysheep_orc_monster_closet_entryway, serial_shops, shop,
          basic_altar
Temple:   compressed_dpeg_circular_temple
Orc:2:    grunt_orc_cross, minmay_orc_barracks
Sewer:    sewer_co_scattered_pipes

Skill      XL: |  1  2  3  4  5  6  7  8  9 10 11 12 |
---------------+-------------------------------------+-----
Unarmed Combat | 4 5 6 7 9 10 11 13 | 13.3
Dodging        | 3 4 5 6 7 8 |  8.4
Fighting       | 3 4 5 6 7 8 |  8.3
Shields        | 3 4 5 |  5.0
Armour         | 3 |  3.8
Stealth        | |  1.0

Action                   |  1- 3 |  4- 6 |  7- 9 | 10-12 || total
-------------------------+-------+-------+-------+-------++-------
Melee: Unarmed           |    98 |   224 |   276 |   573 ||  1171
       Punch             |     1 |     5 |    13 |     2 ||    21
Invok: Heaven On Earth   |       |       |       |     2 ||     2
  Use: Scroll            |       |       |    17 |     6 ||    23
       Potion            |       |       |     1 |       ||     1
 Stab: Sleeping          |     2 |     3 |     4 |     3 ||    12
       Paralysed         |       |       |     1 |       ||     1
       Distracted        |       |       |     3 |       ||     3
  Eat: Chunk             |    14 |    21 |    39 |    32 ||   106
Armor: Robe              |    28 |    76 |    42 |     9 ||   155
       Troll leather arm |       |       |       |    51 ||    51
Dodge: Dodged            |    61 |   130 |   115 |   147 ||   453
Block: Other             |       |       |    11 |    11 ||    22
       Shield            |       |       |       |   338 ||   338
       Reflection        |       |       |       |    13 ||    13
       Large shield      |       |       |       |     5 ||     5
